 Dungeon Crawl Stone Soup version 0.30-a0-840-ga523dec638 (webtiles) character file.

Game seed: 9056340326143779602

3305 demibob the Cruncher (level 9, -8/61 HPs)
             Began as a Demonspawn Gladiator on Mar 2, 2023.
             Was an Elder of Kikubaaqudgha.
             Killed from afar by a gargoyle (12 damage)
             ... with a stone arrow
             ... on level 7 of the Dungeon.
             The game lasted 00:11:17 (6928 turns).

demibob the Cruncher (Demonspawn Gladiator)         Turns: 6928, Time: 00:11:17

Health: -8/61      AC: 15    Str: 14    XL:     9   Next: 70%
Magic:  9/9        EV: 12    Int: 21    God:    Kikubaaqudgha [****..]
Gold:   455        SH:  5    Dex: 14    Spells: 5/8 levels left

rFire   . . .      SeeInvis .    a - +1 quarterstaff
rCold   . . .      Faith    .    (shield currently unavailable)
rNeg    . . .      Spirit   .    e - +0 troll leather armour {Pargi}
rPois   .          Reflect  +    w - +2 helmet
rElec   .          Harm     .    s - +2 cloak
rCorr   .          Rampage  .    r - +0 pair of gloves
Will    .....                    (no boots)
Stlth   +                        m - amulet of reflection
HPRegen 1.10/turn                T - +4 ring of protection
MPRegen 0.11/turn                L - ring of flight

@: flying, hasted, very quick
A: hooves 2, foul stench 2, big brain 3
a: Renounce Religion, Unearth Wretches


You were on level 7 of the Dungeon.
You worshipped Kikubaaqudgha.
Kikubaaqudgha was greatly pleased with you.
You visited 1 branch of the dungeon, and saw 7 of its levels.
You also visited: Sewer.

You collected 455 gold pieces.


Innate Abilities, Weirdness & Mutations

You have hoof-like feet.
You sometimes emit foul miasma when damaged in melee.
You have an absolutely massive brain. (Int +6, Wiz)


   Skills:
 - Level 2.0 Fighting
 + Level 10.3 Staves
 - Level 1.7 Throwing
 - Level 2.6 Dodging
 + Level 9.3 Necromancy


You had 5 spell levels left.
You knew the following spells:

 Your Spells              Type           Power      Damage    Failure   Level
v - Vampiric Draining     Necr           39%        2d8       1%          3

Your spell library contained the following spells:

 Spells                   Type           Power      Damage    Failure   Level
 Kiss of Death            Conj/Necr      76%        2d11      1%          1
 Necrotise                Necr           100%       1d9       1%          1
 Animate Dead             Necr           39%        N/A       1%          4
 Dispel Undead            Necr           39%        3d16      1%          4
 Cigotuvi's Dreadful Rot  Necr/Pois/Air  26%        N/A       4%          2
 Apportation              Tloc           0%         N/A       9%          1
 Slow                     Hex            0%         N/A       9%          1
 Ensorcelled Hibernation  Hex/Ice        0%         N/A       14%         2
 Passwall                 Tmut/Erth      0%         N/A       14%         2
 Anguish                  Hex/Necr       9%         N/A       14%         4
 Confusing Touch          Hex            0%         N/A       26%         3
 Portal Projectile        Hex/Tloc       0%         N/A       26%         3
 Swiftness                Air            0%         N/A       26%         3
 Tukima's Dance           Hex            0%         N/A       26%         3
 Borgnjor's Vile Clutch   Necr/Erth      9%         N/A       34%         5
 Alistair's Intoxication  Tmut/Pois      0%         N/A       91%         5
 Blade Hands              Tmut           0%         N/A       91%         5
 Death Channel            Necr           19%        N/A       28%         6
 Haunt                    Necr/Summ      9%         N/A       100%        7
 Infestation              Necr           19%        N/A       100%        8

Inventory:

Hand Weapons
 a - a +1 quarterstaff (weapon)
Missiles
 d - 3 throwing nets {=f}
 q - 6 atropa-tipped darts
 v - a javelin
Armour
 e - a +0 troll leather armour (worn) {Pargi}
 r - a +0 pair of gloves (worn)
 s - a +2 cloak (worn)
 w - a +2 helmet (worn)
Jewellery
 m - an amulet of reflection (around neck)
 L - a ring of flight (right hand)
 S - a +6 ring of strength
 T - a +4 ring of protection (left hand)
Wands
 p - a wand of charming (10)
Scrolls
 b - a scroll of enchant weapon
 f - a scroll of poison
 t - a scroll of enchant armour
 u - a scroll of amnesia
Potions
 g - a potion of might
 h - a potion of mutation
 i - a potion of attraction
 j - a potion of brilliance
 l - 3 potions of magic
 n - a potion of degeneration
 o - a potion of resistance

Dungeon Overview and Level Annotations

Branches:
Dungeon (7/15)              Sewer (visited)
 Temple: D:4-7

Altars:
Gozag
Kikubaaqudgha
Makhleb
Ru
Yredelemnul

Annotations:
D:1 2 runed translucent doors
D:4 1 runed translucent door
D:6 1 runed translucent door, Crazy Yiuf

#.........# #........##
#..#.....# #..##...>#####
#..##........######
#####.###............. #..
#.# #.<........:.. #.. #.#
##............ . #.5 #@#
#............ ....##5##9##
#...........#
........55.###.........###
......ยง.....##..........##
......#.[..>.............#
.........###..............
######....#...............
##......>............
#...................


You could see a gargoyle, a crimson imp and a white imp.


Message History

The gargoyle attacks as you move away! The gargoyle barely misses you.
The crimson imp blinks!
You feel yourself speed up. The gargoyle hits you with a +0 flail!
* * * LOW HITPOINT WARNING * * *
You hit the gargoyle but do no damage.
The gargoyle is heavily damaged.
The gargoyle barely misses you.
The crimson imp blinks!
You hit the gargoyle.
The gargoyle is severely damaged.
You hit the gargoyle but do no damage. Your kick misses the gargoyle.
The gargoyle is severely damaged.
The crimson imp blinks!
The gargoyle hurls a stone arrow at you.
The stone arrow hits you!!
* * * LOW HITPOINT WARNING * * *
The crimson imp blinks!
You hit the gargoyle.
You kick the gargoyle, but do no damage.
The gargoyle is severely damaged.
Okay, then.
Okay, then.
Okay, then.
Okay, then.
You hit the gargoyle but do no damage.
You kick the gargoyle, but do no damage.
The gargoyle is severely damaged.
The gargoyle hurls a stone arrow at you.
The stone arrow hits you!
You die...
Kikubaaqudgha rasps: "You have failed me!
Welcome... death!"

Skill      XL: |  1  2  3  4  5  6  7  8  9 |
---------------+----------------------------+-----
Staves         | 3 5 6 7 9 10 | 10.3
Necromancy     | 2 4 7 9 |  9.3
Fighting       | |  2.0
Throwing       | |  1.7
Dodging        | |  2.6

Action                     |  1- 3 |  4- 6 |  7- 9 || total
---------------------------+-------+-------+-------++-------
  Melee: Quarterstaff      |    68 |   205 |   385 ||   658
         Kick              |       |    28 |    92 ||   120
  Throw: Throwing net      |     3 |       |       ||     3
         Javelin           |       |       |     2 ||     2
   Cast: Vampiric Draining |       |       |     2 ||     2
  Evoke: Wand              |       |       |     8 ||     8
    Use: Scroll            |       |     9 |     6 ||    15
         Potion            |       |       |    12 ||    12
   Stab: Sleeping          |     1 |     3 |       ||     4
 Armour: Leather armour    |    24 |    51 |    18 ||    93
         Troll leather arm |       |       |   105 ||   105
         Skin              |       |       |    21 ||    21
  Dodge: Dodged            |    37 |    91 |   188 ||   316
  Block: Other             |       |    36 |    83 ||   119
         Reflection        |       |       |     1 ||     1

Levels and vault maps discovered:
D:1:      erik_arrival_cave_to_civilisation [erik_arrival_cave_to_temple],
          layout_basic, serial_shops, shop
D:2:      layout_basic, uniq_sigmund
D:3:      layout_basic, mainiacjoe_overflow_alcove_4,
          ebering_ecumenical_altar_box
D:4:      layout_loops_ring, kennysheep_mini, dk_yredelemnul_ordeal,
          serial_demonic, serial_demonic_d, serial_demonic_b, serial_demonic_f,
          serial_demonic_d, serial_demonic_b, serial_demonic_e
D:5:      layout_cave_pools, general_overflow_altar, grunt_gozag_statues,
          gup_sewer_entry_pipe
D:6:      layout_basic, mainiacjoe_overflow_surrounded_room,
          mainiacjoe_overflow_catwalk, minivault_27, uniq_crazy_yiuf_cottage,
          uniq_maggie
D:7:      layout_cave_pods, minmay_temple_entry_enclosed_plants,
          minmay_nine_imps

Notes
Turn   | Place    | Note
-------+----------+-------------------------------------------
     0 | D:1      | demibob the Demonspawn Gladiator began the quest for the
                  | Orb.
     0 | D:1      | Reached XP level 1. HP: 16/16 MP: 1/1
   100 | D:1      | Reached skill level 3 in Staves
   254 | D:1      | Gained mutation: You may rarely emit foul miasma when
                  | damaged in melee. [demonic ancestry]
   254 | D:1      | Reached XP level 2. HP: 22/22 MP: 2/2
   313 | D:1      | Found Wamoleor's Distillery.
   434 | D:1      | Gained mutation: You have an unusually large brain. (Int
                  | +2) [demonic ancestry]
   434 | D:1      | Reached XP level 3. HP: 27/27 MP: 3/3
   632 | D:1      | Found a large runed translucent door.
   632 | D:1      | Found a large runed translucent door.
   815 | D:2      | Reached skill level 4 in Staves
   919 | D:2      | Noticed Sigmund
   933 | D:2      | Killed Sigmund
   934 | D:2      | Reached skill level 5 in Staves
   934 | D:2      | Gained mutation: You sometimes emit foul miasma when
                  | damaged in melee. [demonic ancestry]
   934 | D:2      | Reached XP level 4. HP: 12/33 MP: 4/4
   934 | D:2      | Gained mutation: You have an extremely huge brain. (Int +4)
                  | [demonic ancestry]
   934 | D:2      | Reached XP level 5. HP: 14/38 MP: 5/5
  1523 | D:2      | Reached skill level 6 in Staves
  2104 | D:3      | Gained mutation: You have large cloven feet. [demonic
                  | ancestry]
  2104 | D:3      | Reached XP level 6. HP: 40/44 MP: 6/6
  2843 | D:3      | Found a faded altar of an unknown god.
  2854 | D:3      | Prayed at the altar of an unknown god.
  2854 | D:3      | Became a worshipper of Kikubaaqudgha
  2854 | D:3      | Reached * piety under Kikubaaqudgha
  2854 | D:3      | Received a gift from Kikubaaqudgha
  3513 | D:4      | Reached skill level 1 in Necromancy
  3597 | D:4      | Found a runed translucent door.
  3597 | D:4      | Noticed a human
  3607 | D:4      | Found a basalt altar of Yredelemnul.
  3646 | D:4      | Found a burning altar of Makhleb.
  3722 | D:4      | Reached skill level 2 in Necromancy
  3723 | D:4      | Reached ** piety under Kikubaaqudgha
  3735 | D:4      | Reached skill level 7 in Staves
  3735 | D:4      | Gained mutation: You have an absolutely massive brain. (Int
                  | +6, Wiz) [demonic ancestry]
  3735 | D:4      | Reached XP level 7. HP: 44/50 MP: 7/7
  4520 | D:5      | Entered Level 5 of the Dungeon
  4533 | D:5      | Reached skill level 3 in Necromancy
  4536 | D:5      | Found an opulent altar of Gozag.
  4586 | D:5      | Found a glowing drain.
  4607 | Sewer    | Entered a sewer
  4640 | Sewer    | Noticed Pargi
  4644 | Sewer    | Killed Pargi
  4645 | Sewer    | Reached skill level 4 in Necromancy
  4816 | D:5      | Found a sacrificial altar of Ru.
  4917 | D:5      | HP: 5/50 [killer bee (8)]
  4919 | D:5      | Identified 2 potions of resistance
  4928 | D:5      | Reached XP level 8. HP: 25/56 MP: 8/8
  4941 | D:5      | Reached skill level 8 in Staves
  4941 | D:5      | Reached skill level 5 in Necromancy
  4946 | D:5      | Reached *** piety under Kikubaaqudgha
  4946 | D:5      | Received a gift from Kikubaaqudgha
  5075 | D:5      | Learned a level 3 spell: Vampiric Draining
  5116 | D:5      | Reached skill level 6 in Necromancy
  5573 | D:6      | Noticed Maggie
  5584 | D:6      | HP: 1/56 [Maggie/+0 morningstar (9)]
  5586 | D:6      | Killed Maggie
  5587 | D:6      | Reached skill level 9 in Staves
  5587 | D:6      | Reached skill level 7 in Necromancy
  5619 | D:6      | Gained mutation: You have hoof-like feet. [demonic
                  | ancestry]
  5619 | D:6      | Reached XP level 9. HP: 46/61 MP: 2/9
  5933 | D:6      | Reached skill level 8 in Necromancy
  6129 | D:6      | Found a runed translucent door.
  6130 | D:6      | Noticed Crazy Yiuf
  6298 | D:6      | Found an ancient bone altar of Kikubaaqudgha.
  6502 | D:6      | Reached **** piety under Kikubaaqudgha
  6664 | D:7      | Reached skill level 10 in Staves
  6826 | D:7      | Noticed a gargoyle
  6837 | D:7      | Reached skill level 9 in Necromancy
  6926 | D:7      | HP: 3/61 [gargoyle/stone arrow (20)]
  6928 | D:7      | Killed from afar by a gargoyle

Vanquished Creatures
  Maggie (D:6)
  Sigmund (D:2)
  Pargi (Sewer)
  An ice beast (D:5)
  2 black bears
  An ogre (D:5)
  A centaur (D:7)
  2 bullfrogs
  A kobold brigand (D:6)
  3 scorpions
  2 gnoll sergeants
  2 necrophages (D:5)
  4 wights (D:7)
  5 killer bees (D:5)
  2 howler monkeys
  2 crimson imps (D:7)
  A quasit (D:4)
  2 hounds (D:5)
  A human zombie (D:4)
  A jelly (D:6)
  4 iguanas
  8 orc wizards
  8 adders
  13 gnolls
  3 shadow imps
  5 white imps (D:4)
  5 ufetubi
  A worm (D:2)
  4 dart slugs
  19 orcs
  12 ball pythons
  8 endoplasms
  10 giant cockroaches
  11 goblins
  3 hobgoblins
  7 quokkas
  10 bats
  12 frilled lizards
  19 kobolds
  4 rats
202 creatures vanquished.

Vanquished Creatures (collateral kills)
  A steam dragon (D:7)
  An ice beast (D:7)
2 creatures vanquished.

Vanquished Creatures (others)
  A crimson imp (D:7)
  6 demonic plants (D:4)
7 creatures vanquished.

Grand Total: 211 creatures vanquished

Table legend: (Time is in decaauts)
 A = Elapsed time spent in this place.
 B = Non-inter-level travel time spent in this place.
 C = Inter-level travel time spent in this place.
 D = Time resting spent in this place.
 E = Time spent auto-exploring this place.
 F = Levels seen in this place.
 G = Mean time per level.
                   A        B        C        D        E       F      G
               +--------+--------+--------+--------+--------+-----+--------+
         Total |   6907 |   6697 |    210 |    482 |   4779 |   8 |  863.4 |
       Dungeon |   6688 |   6478 |    210 |    482 |   4665 |   7 |  955.4 |
         Sewer |    219 |    219 |      0 |      0 |    114 |   1 |  219.0 |
               +--------+--------+--------+--------+--------+-----+--------+

Top non-repeatable levels by time:
     D:3: 1390 daAuts
     D:2: 1303 daAuts
     D:4: 1039 daAuts
     D:6: 976 daAuts
     D:5: 793 daAuts
     D:1: 788 daAuts
     D:7: 396 daAuts
   Sewer: 219 daAuts

Table legend:
 A = Non-vault XP
 B = Vault XP
 C = Vault XP percentage of total XP
 D = Non-vault monster count
 E = Vault monster count
 F = Vault count percentage of total count
                 A         B        C        D         E       F
            +---------+---------+-------+---------+---------+-------
      Total |    3610 |    1112 |  23.5 |     168 |      36 |  17.6
            +---------+---------+-------+---------+---------+-------
        D:1 |      43 |       4 |   8.5 |      17 |       2 |  10.5
        D:2 |      85 |     223 |  72.4 |      28 |       1 |   3.4
        D:3 |     170 |       0 |   0.0 |      31 |       0 |   0.0
        D:4 |     181 |     176 |  49.3 |      19 |      11 |  36.7
        D:5 |    1230 |      18 |   1.4 |      27 |       9 |  25.0
        D:6 |     893 |     434 |  32.7 |      28 |       1 |   3.4
        D:7 |    1008 |     100 |   9.0 |      18 |       2 |  10.0
      Sewer |       0 |     157 | 100.0 |       0 |      10 | 100.0
            +---------+---------+-------+---------+---------+-------
